 Dungeon Crawl Stone Soup version 0.19.1-1-g22dce08 (webtiles) character file.

102 theAP the Cudgeler (level 4, -2/35 HPs)
             Began as a Demonspawn Chaos Knight on Dec 31, 2016.
             Was an Initiate of Ru.
             Slain by a worm (9 damage)
             ... on level 3 of the Dungeon.
             The game lasted 00:05:59 (1105 turns).

theAP the Cudgeler (Demonspawn Chaos Knight)        Turns: 1105, Time: 00:05:59

Health: -2/35      AC:  5    Str: 13    XL:     4   Next: 50%
Magic:  4/4        EV: 11    Int: 13    God:    Ru [......]
Gold:   74         SH:  6    Dex: 13    Spells: 0 memorised, 3 levels left

rFire  . . .     SeeInvis .     a - +0 mace (chaos)
rCold  . . .     Gourm    .     b - +2 leather armour
rNeg   . . .     Faith    +     (no shield)
rPois  .         Spirit   .     (helmet restricted)
rElec  .         Reflect  .     (no cloak)
rCorr  .         Harm     .     (no gloves)
MR     .....                    (no boots)
Stlth  +.........               k - amulet of faith
                                (no ring)
                                (no ring)

@: no status effects
A: horns 1, large bone plates 2
a: Renounce Religion


You were on level 3 of the Dungeon.
You worshipped Ru.
Ru was noncommittal.
You were hungry.

You visited 1 branch of the dungeon, and saw 3 of its levels.

You collected 74 gold pieces.

Inventory:

Hand Weapons
 a - a +0 mace of chaos (weapon)
Armour
 b - a +2 leather armour (worn)
Jewellery
 k - an amulet of faith (around neck)
Wands
 l - a wand of teleportation (4/9)
Scrolls
 e - 3 scrolls of remove curse
 j - a scroll of fog {unknown}
Potions
 d - 2 potions of degeneration
 g - 4 potions of lignification {unknown}
 h - a potion of agility {unknown}
Comestibles
 c - a bread ration
 f - 2 meat rations
 i - a royal jelly


   Skills:
 - Level 3.1 Fighting
 + Level 4.5 Maces & Flails
 - Level 2.0 Armour
 - Level 0.8 Dodging
 + Level 0.4 Stealth


You had 3 spell levels left.
You didn't know any spells.

Dungeon Overview and Level Annotations

Branches:
Dungeon (3/15)

Altars:
Ashenzari
Nemelex Xobeh
Ru
Uskayaw


Innate Abilities, Weirdness & Mutations

You have a pair of small horns on your head.
You are mostly covered in large bone plates. (SH +6)


Message History

You hit the worm.
The worm glows pulsating dun for a moment.
The worm is moderately wounded.
The worm bites you!
You barely miss the worm. You headbutt the worm.
The worm is moderately wounded.
You hit the worm.
The worm's body glows momentarily.
The worm is heavily wounded.
The worm bites you but does no damage.
You hit the worm.
Sparks of electricity dance over your mace of chaos.
The worm is heavily wounded.
The worm bites you!
* * * LOW HITPOINT WARNING * * *
You barely miss the worm.
The worm is heavily wounded.
You hit the worm but do no damage. You headbutt the worm.
The worm is heavily wounded.
The worm bites you!
You die...

#.. .#.. #.#.# #.#.#
#.#.# #####.
########.#.###......
#........#..........
#......w.#<.........
#......@.#.........#
#.....)..'.........#
#........#..........
######...########.#.
#.... #$.... #......
#......# ##.....?


You could see a worm.

Vanquished Creatures
  5 adders (D:2)
  An ooze (D:1)
  A worm (D:3)
  A dart slug (D:2)
  A leopard gecko (D:1)
  2 giant cockroaches (D:2)
  7 hobgoblins
  3 kobolds (D:2)
  A quokka (D:2)
  A ball python (D:1)
  4 bats (D:1)
  4 frilled lizards (D:1)
  10 goblins
  6 rats
47 creatures vanquished.

Notes
Turn   | Place    | Note
-------+----------+-------------------------------------------
     0 | D:1      | theAP the Demonspawn Chaos Knight began the quest for the Orb.
     0 | D:1      | Reached XP level 1. HP: 18/18 MP: 1/1
    47 | D:1      | Gained mutation: You are partially covered in large bone plates. (SH +4) [demonic ancestry]
    47 | D:1      | Reached XP level 2. HP: 22/24 MP: 2/2
    87 | D:1      | Reached skill level 3 in Maces & Flails
    92 | D:1      | XOM: silly message
   176 | D:1      | XOM: divination: detect creatures
   285 | D:1      | XOM: divination: detect creatures
   335 | D:1      | XOM: potion effect (curing)
   443 | D:1      | Gained mutation: You are mostly covered in large bone plates. (SH +6) [demonic ancestry]
   443 | D:1      | Reached XP level 3. HP: 29/29 MP: 3/3
   517 | D:2      | Found a sparkling altar of Nemelex Xobeh.
   621 | D:2      | Found a shattered altar of Ashenzari.
   678 | D:2      | Reached skill level 4 in Maces & Flails
   688 | D:2      | Found a sacrificial altar of Ru.
   720 | D:2      | Fell from the grace of Xom
   720 | D:2      | Became a worshipper of Ru the Awakened
   736 | D:2      | Gained mutation: You have a pair of small horns on your head. [demonic ancestry]
   736 | D:2      | Reached XP level 4. HP: 35/35 MP: 4/4
   800 | D:2      | Found a hide-covered altar of Uskayaw.
   954 | D:2      | XOM: god gift: curved bronze wand {god gift}
  1105 | D:3      | Slain by a worm

Skill      XL: |  1  2  3 |
---------------+----------+-----
Armour         | 2 |  2.0
Maces & Flails | 3 4 |  4.5
Fighting       | |  3.1
Dodging        | |  0.8
Stealth        | |  0.4

Action                   |  1- 3 |  4- 6 || total
-------------------------+-------+-------++-------
Melee: Mace              |    81 |    40 ||   121
       Headbutt          |       |     6 ||     6
  Use: Scroll            |     2 |       ||     2
 Stab: Paralysed         |       |     1 ||     1
Armor: Leather armour    |    31 |     7 ||    38
Dodge: Dodged            |    50 |    12 ||    62
Block: Other             |    26 |    11 ||    37
